cohdb
Replays
Latest Replays
All Replays
Popular Replays
Top Player Replays
Match Explorer
How It Works
Community
CoH3 Stats
Reddit
Sign in to upload your games and track your stats! →
Sign in with Steam
Match 39791404
Unlisted
Match 39791404
Overview
Messages
Build Orders
End
Kradschützen Motorcycle Team
Panzergrenadier Squad
250 Light Carrier
Panzergrenadier Squad
Construct Light Support Kompanie
Construct Mechanized Kompanie
8 Rad Armored Car
Panzerjäger Mechanized Group
Support Armor Elements
StuG III D Assault Gun
Vehicle Survival Package
Emergency Repair Kits
254 Reconnaissance Tractor
Selects Panzerjäger Kommand Battlegroup
Marder III Tank Destroyer
Construct Panzerarmee Kommand
Panzer III L Medium Tank
Veteran Squad Leaders
Selects Mine Fields
Selects Defensive Positions
Selects Butterfly Bomb Drop
Butterfly Bomb Drop
Armored Reserves
Selects Tank Busters
Panzerjäger Squad
Felix
DaKii
Bruistablet
sebedoroje
0
0
Comments
sign in to comment!
No comments posted yet!